 Dungeon Sprint DCSS version 0.24-b1-30-g840c9efd86 (webtiles) character file.

Game seed: 8981090572107890565, levelgen mode: deterministic

19721 night the Brawler (level 12, -24/128 HPs)
             Began as a Troll Fighter on Oct 25, 2019.
             Was a High Priest of Nemelex Xobeh.
             Killed from afar by a fire giant (60 damage)
             ... with a bolt of fire
             ... in the Dungeon (Sprint IX: "|||||||||||||||||||||||||||||").
             The game lasted 00:14:03 (2124 turns).

night the Brawler (Troll Fighter)                   Turns: 2124, Time: 00:14:20

Health: -24/128    AC: 19    Str: 30    XL:     12   Next: 39%
Magic:  21/21      EV: 11    Int:  5    God:    Nemelex Xobeh [*****.]
Gold:   1665       SH: 19    Dex:  9    Spells: 11/11 levels left

rFire    x . .     SeeInvis .     - Unarmed
rCold    + + .     Gourm    +   A - +1 large shield
rNeg     . . .     Faith    .   a - +1 ice dragon scales
rPois    .         Spirit   .   (helmet restricted)
rElec    +         Reflect  .   q - +0 cloak
rCorr    .         Harm     .   (gloves unavailable)
MR       .....     NoTele   +   (boots unavailable)
Stlth    ..........             (no amulet)
HPRegen  0.71/turn              o - +2 ring of protection
MPRegen  0.17/turn              p - +2 ring of evasion

@: no status effects
A: large, unfitting armour, claws 3, yellow scales 1, fast metabolism 3,
gourmand, regeneration 1, shaggy fur 1, electricity resistance, tough skin 3,
sturdy frame 1
a: Draw Escape, Draw Destruction, Draw Summoning, Triple Draw, Deal Four, Stack
Five, Renounce Religion


You were in the Dungeon.
You worshipped Nemelex Xobeh.
Nemelex Xobeh was extremely pleased with you.
You were full.

You visited 1 branch You collected 1925 gold pieces.
You spent 260 gold pieces at shops.

Inventory:

Missiles
 v - 7 javelins (quivered)
Armour
 a - +1 ice dragon scales (worn)
 b - a +0 shield
 q - a +0 cloak (worn)
 w - a +0 troll leather armour
 A - a +1 large shield (worn)
Jewellery
 o - a +2 ring of protection (left claw)
 p - a +2 ring of evasion (right claw)
 x - an uncursed ring of fire
 y - an uncursed ring of ice
 z - an uncursed ring of poison resistance
Wands
 n - a wand of iceblast (7)
Scrolls
 j - 3 scrolls of blinking
 l - 5 scrolls of remove curse
 m - 2 scrolls of amnesia
 s - 3 scrolls of identify
 t - 2 scrolls of fog
 B - 2 scrolls of enchant weapon
 C - a scroll of fear
Potions
 c - a potion of might
 e - 9 potions of curing
 f - 9 potions of heal wounds
 g - 2 potions of haste
 h - 4 potions of magic
 i - a potion of berserk rage
 k - a potion of invisibility
 r - 2 potions of brilliance
 u - a potion of lignification
Comestibles
 d - 12 rations


   Skills:
 + Level 10.8 Fighting
 + Level 2.1 Armour
 - Level 7.1 Dodging
 + Level 9.5 Shields
 + Level 20.5 Unarmed Combat
 + Level 13.8 Invocations


You had 11 spell levels left.
You didn't know any spells.
Your spell library contained the following spells:

 Spells                   Type           Power        Failure   Level  Hunger
 Animate Skeleton         Necr           N/A          97%         1    ##.....
 Apportation              Tloc           #.....       97%         1    ##.....
 Confusing Touch          Hex            #.....       97%         1    ##.....
 Summon Small Mammal      Summ           #...         97%         1    ##.....


Dungeon Overview and Level Annotations

Branches:
Dungeon (1/1)

Altars:
Cheibriados
Dithmenos
Elyvilon
Fedhas
Gozag
Hepliaklqana
Kikubaaqudgha
Makhleb
Nemelex Xobeh
Okawaru
Qazlal
Ru
Sif Muna
Trog
Uskayaw
Vehumet
Wu Jian
Xom
Yredelemnul
Zin
The Shining One
Beogh
Jiyva
Lugonu

Shops:
D ?(:[


Innate Abilities, Weirdness & Mutations

You are too large for most types of armour.
You have claws for hands.
Your metabolism is lightning-fast.
You like to eat raw meat.
Your natural rate of healing is unusually fast.
You are covered in fur. (AC +1)
You have extremely tough skin. (AC +3)
You are partially covered in yellow scales. (AC +2)
You are resistant to electric shocks. (rElec)
Your movements are slightly less encumbered by armour. (ER -2)


Message History

Aiming: Iceblast
Press: ? - help, Shift-Dir - straight line, f - fire giant
Aim: a fire giant, wielding a +1 great sword of flaming The mass of ice explodes!
The iceblast engulfs the fire giant!
The fire giant is lightly wounded.
The iceblast engulfs the centaur warrior!!
The centaur warrior is moderately wounded.
You claw the fire giant!
The fire giant is moderately wounded.
The fire giant gestures at you while chanting.
The fireball explodes!
The fireball engulfs you!!! The fire burns you terribly!
* * * LOW HITPOINT WARNING * * *
The fireball engulfs the fire giant.
The fire giant resists.
You eviscerate the fire giant!!!
The fire giant is severely wounded.
A brown ugly thing comes into view.
The fire giant points at you and mumbles some strange words.
The bolt of fire hits you!!! The fire burns you terribly!
You die...
Your body glows with a rainbow of weird colours and disappears.

▓▓▓▓▓▓▓▓▓▓▓▓▓▓▓▓▓▓▓▓▓▓▓▓
[.[..........†).@CcZZT.u
▓▓▓▓▓▓▓▓▓▓▓▓▓▓▓▓▓▓▓▓▓▓▓▓▓▓▓▓▓▓▓▓▓
.................................
▓▓▓▓▓▓▓▓▓▓▓▓▓▓▓▓▓▓▓▓▓▓▓▓▓▓▓▓▓▓▓▓▓
)......)..[[)...)∩.∩)∩.∩.....'...
▓▓▓▓▓▓▓▓▓▓▓▓▓▓▓▓▓▓▓▓▓▓▓▓▓▓▓▓▓▓▓▓▓
.........).......).............).
▓▓▓▓▓▓▓▓▓▓▓▓▓▓▓▓▓▓▓▓▓▓▓▓▓▓▓▓▓▓▓▓▓
.÷'.....÷...'.........[[)'..[[.[.


You could see a fire giant, a brown ugly thing, a centaur warrior, a deep troll
shaman, a giant cockroach simulacrum and a jackal skeleton.

Vanquished Creatures
  3 dire elephants (D)
  An ettin (D)
  A rakshasa (D)
  4 ogre magi (D)
  A centaur warrior (D)
  Urug (D)
  4 deep trolls (D)
  2 orc knights (D)
  A cyclops (D)
  An orc sorcerer (D)
  5 elephants (D)
  2 gargoyles (D)
  A spiny frog (D)
  A rime drake (D)
  2 komodo dragons (D)
  5 trolls (D)
  2 hippogriffs (D)
  A yak (D)
  2 wyverns (D)
  A basilisk (D)
  An acid dragon (D)
  3 water moccasins (D)
  2 porcupines (D)
  10 orc warriors (D)
  A sky beast (D)
  A centaur (D)
  3 crocodiles (D)
  4 bullfrogs (D)
  A wight (D)
  A crimson imp (D)
  3 orc priests (D)
  A hound (D)
  4 orc wizards (D)
  5 orcs (D)
  A bat skeleton (D)
  A giant cockroach (D)
  A goblin (D)
  2 hobgoblins (D)
  A jackal (D)
  A ball python (D)
  A ball python skeleton (D)
  A frilled lizard (D)
90 creatures vanquished.

Vanquished Creatures (collateral kills)
  A slime creature (D)
  A basilisk (D)
2 creatures vanquished.

Vanquished Creatures (others)
  A troll (D)
  An orc wizard (D)
2 creatures vanquished.

Grand Total: 94 creatures vanquished

Notes
Turn   | Place    | Note
-------+----------+-------------------------------------------
     0 | D        | night the Troll Fighter began the quest for the Orb.
     0 | D        | Reached XP level 1. HP: 22/22 MP: 0/0
     6 | D        | Reached skill level 3 in Unarmed Combat
    23 | D        | Noticed a crimson imp
    23 | D        | Noticed a hound
    28 | D        | Killed a crimson imp
    28 | D        | Reached skill level 5 in Unarmed Combat
    28 | D        | Reached XP level 2. HP: 29/29 MP: 1/1
    28 | D        | Reached XP level 3. HP: 36/36 MP: 2/2
    30 | D        | Reached skill level 6 in Unarmed Combat
    30 | D        | Reached XP level 4. HP: 43/44 MP: 3/3
    60 | D        | Found a roughly hewn altar of Beogh.
    60 | D        | Found a snail-covered altar of Cheibriados.
    60 | D        | Found a shadowy altar of Dithmenos.
    60 | D        | Found a white marble altar of Elyvilon.
    60 | D        | Found a blossoming altar of Fedhas.
    60 | D        | Found an opulent altar of Gozag.
    61 | D        | Found a hazy altar of Hepliaklqana.
    62 | D        | Found a viscous altar of Jiyva.
    63 | D        | Found an ancient bone altar of Kikubaaqudgha.
    64 | D        | Found a corrupted altar of Lugonu.
    65 | D        | Found a burning altar of Makhleb.
    66 | D        | Found a sparkling altar of Nemelex Xobeh.
    67 | D        | Found an iron altar of Okawaru.
    68 | D        | Found a stormy altar of Qazlal.
    69 | D        | Found a sacrificial altar of Ru.
    70 | D        | Found a shimmering blue altar of Sif Muna.
    71 | D        | Found a bloodstained altar of Trog.
    72 | D        | Found a hide-covered altar of Uskayaw.
    73 | D        | Found a radiant altar of Vehumet.
    74 | D        | Became a worshipper of Nemelex Xobeh the Trickster
    75 | D        | Found an ornate altar of the Wu Jian Council.
    76 | D        | Found a shimmering altar of Xom.
    77 | D        | Found a basalt altar of Yredelemnul.
    78 | D        | Found a glowing silver altar of Zin.
    79 | D        | Found a glowing golden altar of the Shining One.
    80 | D        | Received a gift from Nemelex Xobeh
   107 | D        | Noticed a troll
   107 | D        | Noticed a bullfrog
   107 | D        | Noticed a sky beast
   107 | D        | Noticed a gargoyle
   113 | D        | Killed a troll
   113 | D        | Reached skill level 9 in Unarmed Combat
   113 | D        | Reached XP level 5. HP: 26/50 MP: 3/7
   113 | D        | Reached XP level 6. HP: 31/59 MP: 3/8
   117 | D        | Reached skill level 10 in Unarmed Combat
   120 | D        | Killed a sky beast
   120 | D        | Reached skill level 5 in Invocations
   126 | D        | Killed a gargoyle
   126 | D        | Reached skill level 12 in Unarmed Combat
   126 | D        | Reached XP level 7. HP: 27/66 MP: 8/10
   222 | D        | Noticed a centaur warrior
   222 | D        | Noticed a basilisk
   222 | D        | Noticed a slime creature
   222 | D        | Noticed a troll
   227 | D        | Killed a centaur warrior
   227 | D        | Reached skill level 13 in Unarmed Combat
   227 | D        | Reached XP level 8. HP: 62/74 MP: 10/12
   257 | D        | Killed a slime creature
   262 | D        | Killed a troll
   262 | D        | Reached skill level 14 in Unarmed Combat
   336 | D        | Reached * piety under Nemelex Xobeh
   421 | D        | Reached ** piety under Nemelex Xobeh
   488 | D        | Noticed a spiny frog
   491 | D        | Killed a spiny frog
   491 | D        | Reached XP level 9. HP: 64/83 MP: 14/14
   503 | D        | Reached skill level 15 in Unarmed Combat
   645 | D        | Noticed a rime drake
   645 | D        | Noticed a komodo dragon
   647 | D        | Killed a rime drake
   647 | D        | Reached skill level 5 in Fighting
   652 | D        | Noticed a komodo dragon
   656 | D        | Reached skill level 10 in Invocations
   661 | D        | Reached skill level 16 in Unarmed Combat
   666 | D        | Killed a komodo dragon
   666 | D        | Reached XP level 10. HP: 95/98 MP: 16/16
   699 | D        | Noticed an elephant
   699 | D        | Noticed an elephant
   699 | D        | Noticed a dire elephant
   699 | D        | Noticed a dire elephant
   699 | D        | Noticed an elephant
   699 | D        | Noticed an elephant
   703 | D        | Killed an elephant
   713 | D        | Killed a dire elephant
   713 | D        | Reached skill level 17 in Unarmed Combat
   794 | D        | Killed a dire elephant
   799 | D        | Killed an elephant
   806 | D        | Killed an elephant
   808 | D        | Noticed a dire elephant
   889 | D        | Killed a dire elephant
   889 | D        | Reached skill level 18 in Unarmed Combat
   889 | D        | Reached XP level 11. HP: 69/113 MP: 18/18
  1009 | D        | Received a gift from Nemelex Xobeh
  1026 | D        | Noticed Urug
  1028 | D        | Reached *** piety under Nemelex Xobeh
  1037 | D        | Killed Urug
  1071 | D        | Received a gift from Nemelex Xobeh
  1102 | D        | Received a gift from Nemelex Xobeh
  1122 | D        | Noticed an orc sorcerer
  1134 | D        | Killed an orc sorcerer
  1199 | D        | Reached **** piety under Nemelex Xobeh
  1199 | D        | Noticed an orc knight
  1209 | D        | Noticed an orc knight
  1219 | D        | Killed an orc knight
  1219 | D        | Reached skill level 19 in Unarmed Combat
  1328 | D        | Killed an orc knight
  1569 | D        | Found Exoinyun's Magic Scroll Emporium.
  1569 | D        | Noticed an ogre mage
  1569 | D        | Noticed a deep troll
  1569 | D        | Noticed an ogre mage
  1572 | D        | Killed an ogre mage
  1572 | D        | Reached skill level 5 in Dodging
  1573 | D        | Noticed a deep troll
  1582 | D        | Killed a deep troll
  1591 | D        | Killed an ogre mage
  1599 | D        | Killed a deep troll
  1600 | D        | Reached skill level 10 in Fighting
  1601 | D        | Found Zuck's Weapon Shoppe.
  1601 | D        | Noticed an ogre mage
  1604 | D        | Found Boqoi's Book Emporium.
  1608 | D        | Killed an ogre mage
  1608 | D        | Reached XP level 12. HP: 72/126 MP: 20/20
  1609 | D        | Found Gozuwk's Antique Armour Shoppe.
  1696 | D        | Received a gift from Nemelex Xobeh
  1697 | D        | Noticed an ogre mage
  1701 | D        | Noticed an ettin
  1705 | D        | Reached skill level 20 in Unarmed Combat
  1716 | D        | Killed an ogre mage
  1726 | D        | Killed an ettin
  1886 | D        | Bought a book of Cantrips for 260 gold pieces
  1947 | D        | Received a gift from Nemelex Xobeh
  1997 | D        | Received a gift from Nemelex Xobeh
  2022 | D        | Reached ***** piety under Nemelex Xobeh
  2066 | D        | Gained mutation: You are resistant to electric shocks.
                  | (rElec) [potion of mutation]
  2066 | D        | Gained mutation: You are partially covered in yellow
                  | scales. (AC +2) [potion of mutation]
  2066 | D        | Gained mutation: Your movements are slightly less
                  | encumbered by armour. (ER -2) [potion of mutation]
  2089 | D        | Noticed a rakshasa
  2100 | D        | Noticed a centaur warrior
  2103 | D        | Noticed a fire giant
  2108 | D        | Reached skill level 1 in Armour
  2112 | D        | Noticed a deep troll shaman
  2121 | D        | Killed a rakshasa
  2124 | D        | Killed from afar by a fire giant

Skill      XL: |  1  2  3  4  5  6  7  8  9 10 11 12 |
---------------+-------------------------------------+-----
Unarmed Combat | 5 6 9 12 13 14 16 18 19 20 | 20.5
Shields        | 4 6 7 8 9 |  9.5
Invocations    | 4 6 7 8 10 11 13 | 13.8
Fighting       | 3 5 8 10 | 10.8
Dodging        | 6 7 |  7.1
Armour         | 2 |  2.1

Action                   |  1- 3 |  4- 6 |  7- 9 | 10-12 || total
-------------------------+-------+-------+-------+-------++-------
Melee: Unarmed           |    12 |    23 |    73 |   215 ||   323
 Abil: Draw Destruction  |       |     1 |     1 |     3 ||     5
       Draw Summoning    |       |       |     1 |     1 ||     2
       Draw Escape       |       |       |       |     1 ||     1
Evoke: Wand              |       |       |     1 |     2 ||     3
  Use: Potion            |       |       |       |     1 ||     1
  Eat: Chunk             |     3 |     1 |     7 |    11 ||    22
Armor: Robe              |     3 |     2 |     4 |    20 ||    29
       Ice dragon scales |       |       |       |     5 ||     5
Dodge: Dodged            |     2 |     8 |    14 |    55 ||    79
Block: Shield            |     6 |     7 |    19 |    65 ||    97
       Large shield      |       |       |       |    10 ||    10
